 Dungeon Crawl Stone Soup version 0.30.1-4-g462c640d31 (webtiles) character file.

Game seed: 16584621068585902925

108 Arctor the Firebug (level 4, 0/24 HPs)
             Began as a Gargoyle Fire Elementalist on Sept 4, 2023.
             Killed from afar by a white imp (11 damage)
             ... with a puff of frost
             ... on level 3 of the Dungeon.
             The game lasted 00:04:57 (2810 turns).

Arctor the Firebug (Gargoyle Fire Elementalist)     Turns: 2810, Time: 00:04:58

Health: 0/24       AC:  5    Str: 11    XL:     4   Next: 87%
Magic:  0/7        EV: 11    Int: 18    God:
Gold:   68         SH:  3    Dex: 10    Spells: 2/8 levels left

rFire   . . .        d - +0 dagger
rCold   . . .        g - +0 buckler
rNeg    + . .        a - +0 robe
rPois   ∞            (no helmet)
rElec   +            (no cloak)
rCorr   .            (no gloves)
SInv    .            (no boots)
Will    .....        (no amulet)
Stlth   ++           (no ring)
HPRegen 0.24/turn    (no ring)
MPRegen 0.10/turn

%: no passive effects
@: no status effects
A: sickness immunity, AC +3, negative energy resistance 1, electricity
resistance, torment resistance 1, petrification resistance
a: no special abilities


You were on level 3 of the Dungeon.
You visited 1 branch of the dungeon, and saw 3 of its levels.

You collected 68 gold pieces.

Inventory:

Hand Weapons
 d - a +0 dagger (weapon)
Armour
 a - a +0 robe (worn)
 g - a +0 buckler (worn)
Scrolls
 c - 4 scrolls of teleportation {unknown}
 e - 2 scrolls of identify {unknown}
 i - 2 scrolls of vulnerability {unknown}
Potions
 b - a potion of magic
 f - a potion of might {unknown}
 h - 2 potions of ambrosia {unknown}


   Skills:
 + Level 2.2 Dodging
 + Level 3.2 Stealth
 + Level 2.6 Spellcasting
 + Level 2.2 Conjurations
 + Level 3.6 Fire Magic


You had 2 spell levels left.
You knew the following spells:

 Your Spells              Type           Power      Damage    Failure   Level
a - Foxfire               Conj/Fire      48%        2x1d6     8%          1
b - Scorch                Fire           30%        2d6       9%          2
c - Volatile Blastmotes   Fire/Tloc      16%        2d11      34%         3

Your spell library contained the following spells:

 Spells                   Type           Power      Damage    Failure   Level
 Inner Flame              Hex/Fire       8%         N/A       34%         3
 Flame Wave               Conj/Fire      12%        2d6       58%         4


Dungeon Overview and Level Annotations

Branches:
Dungeon (3/15)

Altars:
Cheibriados


Innate Abilities, Weirdness & Mutations

You are immune to sickness and miasma.
Your stone body is resilient. (AC +3)
You are immune to poison.
You resist negative energy. (rN+)
You are resistant to electric shocks. (rElec)
You are resistant to unholy torment.
You are immune to petrification.


Message History

The white imp gestures at you. The puff of frost hits you!
Casting: Scorch (safe; 9% risk of failure)
Confirm with . or Enter, or press ? or * to list all spells.
You conjure some foxfire!
The white imp hits you but does no damage.
The foxfire hits the jelly.
The jelly is burned terribly!
The jelly is almost dead.
Casting: Foxfire (safe; 8% risk of failure)
Confirm with . or Enter, or press ? or * to list all spells.
Flames lash the jelly.
The jelly is burned terribly!
You kill the jelly!
The white imp hits you but does no damage.
You hit the white imp.
The white imp is lightly wounded.
The white imp hits you. The white imp freezes you.
Your foxfire dissipates!
The white imp attacks as you move away! The white imp closely misses you.
Okay, then.
The white imp attacks as you move away! The white imp barely misses you.
You hit the white imp but do no damage.
The white imp is lightly wounded.
The white imp barely misses you.
You closely miss the white imp.
The white imp is lightly wounded.
The white imp barely misses you.
Casting: Scorch (safe; 9% risk of failure)
Confirm with . or Enter, or press ? or * to list all spells.
You conjure some foxfire!
The white imp barely misses you.
Your foxfire dissipates!
The white imp attacks as you move away! The white imp hits you.
The white imp freezes you.
The foxfire hits the white imp but does no damage.
The white imp is lightly wounded.
You completely miss the white imp. The white imp barely misses you.
The white imp attacks as you move away!
The white imp hits you but does no damage.
The white imp gestures at you. The puff of frost hits you!
You die...

#.# #.#
###.##########.#######
#....................#
#.#.##########.#####.# #.#.#
#............# #.#.#
#.####.####..# ###.#.# #.#
#5# #.## #...#.# #.# #.# #.#
#.#.#.# #.# #@# #.#####
#...#.# #.# ##.##
#...#.###### ##.##.#
#.###...###......[....
#.##.# #.##..............###
#.##.#####.#..#.##.#...###.#
#.##...................# #.#
#.##########.##.##.##..# #.#
#.# ##.#........# #.# #.#
##...####..# #<#


You could see a white imp.

Vanquished Creatures
  A jelly (D:3)
  2 adders (D:2)
  3 worms (D:2)
  2 dart slugs
  5 endoplasms
  3 giant cockroaches
  4 goblins (D:1)
  5 hobgoblins
  5 kobolds
  2 quokkas (D:1)
  4 ball pythons
  4 bats
  3 frilled lizards
  2 rats
45 creatures vanquished.

Vanquished Creatures (collateral kills)
  A foxfire (D:1)
1 creature vanquished.

Vanquished Creatures (others)
  76 foxfires
76 creatures vanquished.

Grand Total: 122 creatures vanquished

Notes
Turn   | Place    | Note
-------+----------+-------------------------------------------
     0 | D:1      | Arctor the Gargoyle Fire Elementalist began the quest for
                  | the Orb.
     0 | D:1      | Reached XP level 1. HP: 10/10 MP: 3/3
   173 | D:1      | Reached XP level 2. HP: 15/15 MP: 3/5
   690 | D:1      | Reached XP level 3. HP: 19/19 MP: 1/6
   693 | D:1      | Learned a level 2 spell: Scorch
  1453 | D:2      | Learned a level 3 spell: Volatile Blastmotes
  1593 | D:2      | Identified the +4 ring mail of Naez {*Corrode rC++}
  1601 | D:2      | Found a snail-covered altar of Cheibriados.
  2022 | D:2      | Reached XP level 4. HP: 22/24 MP: 7/7
  2810 | D:3      | Killed from afar by a white imp

Illustrated notes

Levels and vault maps discovered:
D:1:      minmay_arrival_widening_spiral_wide, layout_basic, serial_forest,
          infiniplex_forest_straight_3, infiniplex_forest_fountain,
          infiniplex_forest_corner_1, infiniplex_forest_split,
          infiniplex_forest_clump_large
D:2:      minmay_door_path, layout_basic, basic_altar, hangedman_decor_slide_cut
D:3:      layout_loops_ring, hellmonk_ecumenical_altar_leap_of_faith,
          gup_sewer_entry_bowl, uniq_natasha

Skill      XL: |  1  2  3  4 |
---------------+-------------+-----
Dodging        | 2 |  2.2
Stealth        | 3 |  3.2
Conjurations   | 2 |  2.2
Spellcasting   | |  2.6
Fire Magic     | |  3.6

Action                     |  1- 3 |  4- 6 || total
---------------------------+-------+-------++-------
  Melee: Unarmed           |     2 |       ||     2
         Dagger            |    45 |     7 ||    52
   Cast: Foxfire           |    50 |     6 ||    56
         Scorch            |     9 |    11 ||    20
         Volatile Blastmot |     1 |       ||     1
   Stab: Sleeping          |     2 |     1 ||     3
 Armour: Robe              |    17 |     5 ||    22
  Dodge: Dodged            |    40 |     9 ||    49
  Block: Buckler           |     2 |       ||     2
